cohdb
Replays
Latest Replays
All Replays
Popular Replays
Top Player Replays
Match Explorer
How It Works
Community
CoH3 Stats
Reddit
Sign in to upload your games and track your stats! →
Sign in with Steam
Match 42874622
Unlisted
Match 42874622
Overview
Messages
Build Orders
End
Construct Infanterie Kompanie
Pioneer Squad
MG 42 Machine Gun Team
MG 42 Machine Gun Team
Grenadier Squad
Construct Luftwaffe Kompanie
Jäger Squad
Selects Terror Battlegroup
Selects Machine Gun Camouflage
Selects Contempt for the Weak
221 Scout Car
Support Elements
Wirbelwind Flakpanzer
Side Skirts
Selects No Quarter
Wirbelwind Flakpanzer
Jäger Squad
Jäger Squad
Jäger Squad
Luftwaffe Officer Quarters
Medical Station
Pioneer Squad
AI Takeover
Dragoness
Stepan Pantera
DHellstrom
凶手就在我们中间!
[82AD] PaulVmax
FloppyBob
r33dys
A Chunky Chaffinch
0
0
Comments
sign in to comment!
No comments posted yet!